[Event "CCT Airthings Masters Play-In 2023"]
[Site "Online"]
[Date "2023.02.03"]
[Round "1"]
[White "BogdanDeac"]
[Black "ChessWarrior"]
[Result "*"]
[ECO "E11"]
[WhiteElo "2522"]
[BlackElo "2655"]
[Annotator "TA"]
[PlyCount "36"]
[EventDate "2023.02.03"]
[EventType "swiss"]
[EventCountry "NET"]
[SourceTitle "playchess.com"]
[Source "ChessBase"]
[SourceQuality "1"]
[TimeControl "600+2"]

1. d4 Nf6 2. c4 e6 3. Nf3 Bb4+ 4. Bd2 Bxd2+ 5. Qxd2 O-O 6. Nc3 d5 7. e3 Qe7 8. cxd5 exd5 9. Bd3 b6 {[%emt 0:00:29] E11: Bogo-Indian.} 10. O-O Bb7 11. Ne5 c5 12. f4 Nc6 {[%emt 0:00:20] [#]} 13. Bc2 $5 $146 {[%emt 0:00:10][%mdl 8] An interesting novelty.} ({Predecessor:} 13. a3 cxd4 14. exd4 Nxd4 15. Bxh7+ Kxh7 16. Qxd4 Qc5 17. Rfd1 Rac8 18. Qxc5 bxc5 19. Nb5 {0-1 Sebenik,M (2492)-Banusz,T (2631) EU-ch 21st Reykjavik 2021 (4)}) 13... Rad8 {[%emt 0:00:07] The position is equal.} 14. Rad1 Nb4 15. Bb1 Ne4 16. Nxe4 dxe4 17. a3 Na6 18. Qc3 cxd4 {[%emt 0:00:04] Not much happened in this game.   Weighted Error Value: White=0.04 (flawless) /Black=0.00 (flawless)} *

[Event "CCT Airthings Masters Play-In 2023"]
[Site "Online"]
[Date "2023.02.03"]
[Round "1"]
[White "GroovyKettle"]
[Black "Grischuk, Alexander"]
[Result "*"]
[ECO "C70"]
[WhiteElo "2515"]
[BlackElo "2745"]
[Annotator "TA"]
[PlyCount "32"]
[EventDate "2023.02.03"]
[EventType "swiss"]
[EventCountry "NET"]
[SourceTitle "playchess.com"]
[Source "ChessBase"]
[SourceQuality "1"]
[TimeControl "600+2"]

1. e4 e5 2. Nf3 Nc6 3. Bb5 a6 4. Ba4 Bc5 5. c3 Nge7 6. d4 {[%emt 0:00:02] C70: Ruy Lopez: 3...a6 4 Ba4, Norwegian and Delayed Schliemann.} exd4 7. cxd4 Bb4+ 8. Bd2 {[%emt 0:00:01] White is slightly better.} Bxd2+ 9. Qxd2 d5 10. exd5 Qxd5 11. Nc3 Qe6+ {[%emt 0:00:31] [#]} 12. Ne5 $1 $146 {[%emt 0:00:15][%mdl 8] Strongly threatening Bb3. An important novelty.} ({Predecessor:} 12. Qe3 O-O 13. O-O Qd6 14. Bxc6 Nxc6 15. d5 Ne7 16. Rad1 Bg4 17. h3 Bh5 18. g4 {½-½ Sadhwani,R (2619)-Erigaisi,A (2681) MPL Indian Chess Tour N2 rapid 2022 (10)}) 12... O-O $1 13. f4 {[%emt 0:00:43] [#] d5 is the strong threat.} Nxe5 14. dxe5 Qb6 {[%emt 0:00:41] The position is equal.} 15. h3 Be6 16. O-O-O c6 {[%emt 0:01:22] Weighted Error Value: White=0.07 (flawless) /Black=0.05 (flawless)} *

[Event "CCT Airthings Masters Play-In 2023"]
[Site "Online"]
[Date "2023.02.03"]
[Round "1"]
[White "Iniyan, P."]
[Black "Oleksandr_Bortnyk"]
[Result "*"]
[ECO "C41"]
[WhiteElo "2514"]
[BlackElo "2637"]
[Annotator "TA"]
[PlyCount "25"]
[EventDate "2023.02.03"]
[EventType "swiss"]
[EventCountry "NET"]
[SourceTitle "playchess.com"]
[Source "ChessBase"]
[SourceQuality "1"]
[TimeControl "600+2"]

1. d4 d6 2. Nf3 Nf6 3. Nc3 Nbd7 4. e4 e5 5. Bc4 Be7 6. O-O c6 7. Qe2 O-O 8. a4 a5 9. Ba2 {[%emt 0:01:10] C41: Philidor Defence.} exd4 10. Nxd4 Nc5 11. Rd1 Qb6 {[%emt 0:00:35] [#]} 12. Rb1 $146 (12. f3 $14 {was preferrable.}) ({Predecessor:} 12. h3 Be6 13. Nxe6 fxe6 14. e5 Nd5 15. exd6 Bxd6 16. Nxd5 exd5 17. c4 Rae8 18. Be3 {0-1 Yu,S (2542)-Bauer,C (2599) FRA-CHN m Paris 2006 (3)}) 12... Re8 (12... Be6 $5) 13. Qc4 {[%emt 0:00:11] A rather calm draw.   Weighted Error Value: White=0.14 (very precise) /Black=0.15 (very precise)} ({White should play} 13. f3) *

[Event "CCT Airthings Masters Play-In 2023"]
[Site "Online"]
[Date "2023.02.03"]
[Round "1"]
[White "Blomqvist, Erik"]
[Black "ChessLover"]
[Result "*"]
[ECO "B53"]
[WhiteElo "2510"]
[BlackElo "2577"]
[Annotator "TA"]
[PlyCount "34"]
[EventDate "2023.02.03"]
[EventType "swiss"]
[EventCountry "NET"]
[SourceTitle "playchess.com"]
[Source "ChessBase"]
[SourceQuality "1"]
[TimeControl "600+2"]

1. e4 c5 2. Nf3 d6 3. d4 cxd4 4. Qxd4 a6 5. Be2 Nc6 6. Qe3 {[%emt 0:00:01] B53: Sicilian: 2...d6: Lines with Qxd4.} Bg4 7. O-O g6 8. Rd1 {[%emt 0:00:37] White is slightly better.} Bg7 9. Nc3 {[%emt 0:00:08] [#]} Rc8 $146 ({Predecessor:} 9... Bxf3 10. Bxf3 Nf6 11. g3 O-O 12. Bg2 Rc8 13. a3 b5 14. Qf4 Ne5 15. Qh4 Qd7 {1-0 Camacho Collados,J (2280)-Gormally,D (2553) UK-ch Blitz Leamington Spa 2022 (3)}) 10. Nd5 Bxf3 11. Bxf3 Ne5 12. c3 Nf6 (12... e6 $5 13. Nb4 Nf6 $11) 13. Be2 O-O 14. Nxf6+ Bxf6 15. f4 Nc4 16. Qf2 Qc7 17. a4 Rfd8 {[%emt 0:00:06] Weighted Error Value: White=0.10 (very precise) /Black=0.09 (flawless)} *

[Event "CCT Airthings Masters Play-In 2023"]
[Site "Online"]
[Date "2023.02.03"]
[Round "1"]
[White "rpragchess"]
[Black "SahajGrover"]
[Result "*"]
[ECO "C60"]
[WhiteElo "2510"]
[BlackElo "2651"]
[Annotator "TA"]
[PlyCount "45"]
[EventDate "2023.02.03"]
[EventType "swiss"]
[EventCountry "NET"]
[SourceTitle "playchess.com"]
[Source "ChessBase"]
[SourceQuality "1"]
[TimeControl "600+2"]

1. e4 e5 2. Nf3 Nc6 3. Bb5 a6 4. Ba4 Nf6 5. O-O d6 6. c3 g6 7. d4 Bd7 8. Re1 Bg7 9. h3 O-O 10. Nbd2 Re8 {[%emt 0:01:00] C60: Ruy Lopez: Unusual Black 3rd moves and 3...g6.} 11. Bc2 a5 12. Nf1 a4 13. Ng3 b5 14. Bd3 Rb8 15. Bg5 h6 16. Bd2 {[%emt 0:00:01] [#]   Weighted Error Value: White=0.10 (very precise) /Black=0.05 (flawless)} {Predecessor:} Na5 $146 17. b3 c5 18. b4 cxb4 19. cxb4 Nc4 20. Bxc4 bxc4 21. dxe5 dxe5 22. Qc1 Kh7 23. Qxc4 {1-0 Piorun,K (2608)-Gumularz,S (2515) Polish World Cup Qual rapid 2021 (5)} *

[Event "CCT Airthings Masters Play-In 2023"]
[Site "Online"]
[Date "2023.02.03"]
[Round "1"]
[White "Matibar"]
[Black "amintabatabaei"]
[Result "*"]
[ECO "B11"]
[WhiteElo "2499"]
[BlackElo "2649"]
[Annotator "TA"]
[PlyCount "28"]
[EventDate "2023.02.03"]
[EventType "swiss"]
[EventCountry "NET"]
[SourceTitle "playchess.com"]
[Source "ChessBase"]
[SourceQuality "1"]
[TimeControl "600+2"]

1. e4 c6 2. Nf3 d5 3. Nc3 dxe4 4. Nxe4 Nf6 5. Ng3 h5 6. h3 h4 {[%emt 0:00:03] B11: Caro-Kann: Two Knights Variation.} 7. Ne2 c5 {[%emt 0:00:11] [#]} 8. Nc3 $146 ({Predecessor:} 8. d4 Nc6 9. Bg5 cxd4 10. Nexd4 Nxd4 11. Qxd4 Qxd4 12. Nxd4 Ne4 13. Be3 a6 14. Bd3 {0-1 Zhuravleva,O (2278)-Villegas,P (2367) Titled Tuesday intern op 29th Dec blitz 2020 (3)}) 8... Nc6 {[%emt 0:00:06] Inhibits d4.} 9. Bc4 a6 10. a4 Bf5 11. d3 Nd4 (11... Bg6 $1 $11) 12. O-O e6 13. Re1 Be7 14. Bg5 Qc7 {[%emt 0:00:38] Weighted Error Value: White=0.08 (flawless) /Black=0.07 (flawless)} *

[Event "CCT Airthings Masters Play-In 2023"]
[Site "Online"]
[Date "2023.02.03"]
[Round "1"]
[White "Cardoso Cardoso, Jose Gabriel"]
[Black "GadimbayliA"]
[Result "*"]
[ECO "A13"]
[WhiteElo "2498"]
[BlackElo "2590"]
[Annotator "TA"]
[PlyCount "23"]
[EventDate "2023.02.03"]
[EventType "swiss"]
[EventCountry "NET"]
[SourceTitle "playchess.com"]
[Source "ChessBase"]
[SourceQuality "1"]
[TimeControl "600+2"]

1. Nf3 d5 2. e3 Nf6 3. c4 e6 4. b3 c5 5. Bb2 Nc6 6. cxd5 Nxd5 7. Be2 Be7 8. O-O O-O 9. Nc3 {[%emt 0:00:34] The position is equal.} Nxc3 {[%emt 0:00:19] has lost popularity (9...b6). A13: English Opening: 1...e6.} 10. Bxc3 b6 11. d4 Bf6 {[%emt 0:02:15] [#]} 12. Ne5 $146 {[%emt 0:01:14] Not much happened in this game.   Weighted Error Value: White=0.00 (flawless) /Black=0.06 (flawless)} ({Predecessor:} 12. Rc1 cxd4 13. Nxd4 Nxd4 14. Bxd4 Bxd4 15. Qxd4 Qxd4 16. exd4 Bb7 17. Rc7 Rab8 18. Rfc1 {½-½ Topalov,V (2761)-Nakamura,H (2787) Paris GCT blitz 2016 (15)}) *

[Event "CCT Airthings Masters Play-In 2023"]
[Site "Online"]
[Date "2023.02.03"]
[Round "1"]
[White "Gajuchess"]
[Black "Parhamov"]
[Result "*"]
[ECO "A11"]
[WhiteElo "2491"]
[BlackElo "2641"]
[Annotator "TA"]
[PlyCount "46"]
[EventDate "2023.02.03"]
[EventType "swiss"]
[EventCountry "NET"]
[SourceTitle "playchess.com"]
[Source "ChessBase"]
[SourceQuality "1"]
[TimeControl "600+2"]

1. Nf3 d5 2. g3 c6 3. Bg2 Bg4 4. O-O Nd7 5. d3 e6 6. c4 Bd6 7. Nc3 Ne7 8. h3 Bh5 9. cxd5 exd5 10. e4 {[%emt 0:00:02] [#]} d4 $146 {[%emt 0:00:07] A11: English Opening: 1...c6.} ({Predecessor:} 10... O-O 11. g4 Bg6 12. Nh4 Nb6 13. a4 a5 14. Qb3 Bb4 15. f4 f6 16. Nxg6 Nxg6 17. Be3 Kh8 18. Na2 {½-½ Donchenko,A (2636)-Arjun,K (2526) Elllobregat op 3rd 2022 (4)}) 11. Ne2 c5 12. Nh4 (12. g4 $16 Bg6 13. b4) 12... f6 $14 {[%emt 0:00:11] White is slightly better.} 13. f4 (13. Nf5 $14 Nxf5 14. exf5) 13... O-O 14. g4 Bf7 15. b3 a5 16. a4 Ra6 17. Bd2 Nb8 18. Rc1 Nbc6 19. Ng3 Rb6 20. Rc4 Re8 ({Black should play} 20... Bxc4 $17 21. bxc4 g5) 21. e5 fxe5 22. f5 {[%emt 0:00:03] [#]} (22. fxe5 $15 Bxe5 23. Rxc5) 22... e4 (22... Bxc4 23. bxc4 Rf8 24. g5 $14) (22... Nd5 $1 $17 23. g5 Nf4) 23. Nxe4 $11 {[%emt 0:00:04][%cal Of5f6] aiming for f6!} Nd5 $1 {[%emt 0:00:05] Weighted Error Value: White=0.32/Black=0.31} (23... Bxc4 24. dxc4 Rf8 25. f6 Rxf6 26. Nxf6+ gxf6 27. Rxf6 $16) *

[Event "CCT Airthings Masters Play-In 2023"]
[Site "Online"]
[Date "2023.02.03"]
[Round "1"]
[White "Rakhmanov_Aleksandr"]
[Black "exoticprincess"]
[Result "1/2-1/2"]
[ECO "D13"]
[WhiteElo "2472"]
[BlackElo "2635"]
[Annotator "TA"]
[PlyCount "46"]
[EventDate "2023.02.03"]
[EventType "swiss"]
[EventCountry "NET"]
[SourceTitle "playchess.com"]
[Source "ChessBase"]
[SourceQuality "1"]
[TimeControl "600+2"]

1. c4 c6 2. d4 d5 3. cxd5 cxd5 4. Nf3 Nc6 5. Nc3 Nf6 6. Bf4 e6 7. e3 Be7 8. Bd3 O-O 9. Ne5 {[%emt 0:00:04] 9.h3 is setting a new trend.} Qb6 {[%emt 0:00:09] D13: Slav Defence: Exchange variation without ...Bf5.} 10. Qe2 Bd7 11. O-O Rfc8 {[%emt 0:00:03] White has an edge.} 12. Bg5 Be8 {[%emt 0:00:06] [#]} (12... Nxe5 $2 13. dxe5 Qd8 14. exf6 $18) 13. f4 $146 ({Predecessor:} 13. Rfc1 Qd8 14. Nxc6 Rxc6 15. Rc2 {½-½ Duenas,A (1987)-Kafka,G (2122) Rilton Cup 34th 2004 (2)}) 13... Nb4 {[%emt 0:00:09] [#]} (13... Qd8 $1 $14) 14. Bb1 $1 $16 Qd8 {[%emt 0:00:14] [#]} 15. a3 (15. f5 $1 $18 ) 15... Nc6 $14 16. Rf3 {[%emt 0:00:10] White has more active pieces.} (16. Qf2 $5 ) 16... g6 17. Bd3 Nxe5 18. fxe5 (18. dxe5 {simplifies} Nd7 19. Bxe7 Qxe7 20. e4) 18... Ne4 {[%emt 0:00:02][%mdl 64] Discovered Attack} 19. Bxe7 ({But not} 19. Nxe4 dxe4 20. Bxe7 exd3 21. Bxd8 dxe2 $17) 19... Nxc3 {[%emt 0:00:01] Black is weak on the dark squares} 20. Bxd8 Nxe2+ 21. Bxe2 {[%emt 0:00:00] And now Be7 would win.} Rxd8 22. Rff1 Rdc8 23. Rfc1 {[%emt 0:00:01] Wards off Rc2} Kf8 {[%emt 0:00:02] Weighted Error Value: White=0.18 (very precise) /Black=0.16 (very precise)} 1/2-1/2

[Event "CCT Airthings Masters Play-In 2023"]
[Site "Online"]
[Date "2023.02.03"]
[Round "1"]
[White "sergoy"]
[Black "ChristopherYoo"]
[Result "0-1"]
[ECO "D38"]
[WhiteElo "2465"]
[BlackElo "2634"]
[Annotator "TA"]
[PlyCount "162"]
[EventDate "2023.02.03"]
[EventType "swiss"]
[EventCountry "NET"]
[SourceTitle "playchess.com"]
[Source "ChessBase"]
[SourceQuality "1"]
[TimeControl "600+2"]

1. d4 Nf6 2. c4 e6 3. Nf3 d5 4. Nc3 Bb4 5. Qa4+ Nc6 6. e3 O-O 7. Qc2 {[%emt 0:00:01] D38: Queen's Gambit Declined: Ragozin Defence (4 Nf3 Bb4).} Re8 8. Bd2 Bf8 9. a3 {[%emt 0:00:01] The position is equal.} a6 10. h3 h6 11. Be2 dxc4 12. Bxc4 e5 {[%emt 0:00:02] [#]} 13. d5 $146 ({But not} 13. Qg6 $2 Be6 14. Bxe6 Rxe6 $19) ({Predecessor:} 13. dxe5 Nxe5 14. Nxe5 Rxe5 15. f4 Bf5 16. Qb3 Re7 17. g4 Ne4 18. O-O-O Nc5 19. Qa2 {0-1 Mardov,D (2414)-Antipov,M (2603) Saint Louis 1000 GM 2nd 2022 (1)}) 13... Na5 ({Black should play} 13... b5 $15) 14. Ba2 $11 {[%emt 0:00:05] Strongly threatening b4.} b6 15. e4 Nb7 16. O-O Nd6 17. Rfe1 Bb7 18. Rad1 b5 19. Be3 a5 20. Bc5 Ba6 21. b4 Nd7 22. Ne2 axb4 (22... Nxc5 $11 23. bxc5 Nb7) 23. axb4 (23. Bxb4 $14 Nb6 24. Nd2) 23... Nc4 (23... Nxc5 $1 $11 {remains equal.} 24. bxc5 Nb7) 24. Bxf8 $16 Rxf8 25. Bxc4 bxc4 26. Nc3 Qe7 27. Rb1 Nb6 28. b5 Bc8 29. Ra1 Bd7 30. Ra6 Qc5 31. Qb2 f6 32. Rea1 Rfb8 33. Nd2 Bc8 34. Rxa8 Rxa8 35. Rxa8 Nxa8 36. Qa2 (36. Na4 $14 c3 37. Qxc3 Qxb5 38. Qc2) 36... Nb6 $11 37. Qa7 Kh7 38. Ndb1 f5 39. Qa2 $2 {[%emt 0:00:04] [#]} (39. Nd2 $11) 39... fxe4 $19 40. Qe2 Bf5 (40... Nxd5 $2 41. Qxe4+ (41. Nxe4 Qb4 $17) 41... Kg8 42. Nxd5 $18) 41. Nd2 Nxd5 (41... Qd4 $19 42. Ndxe4 Bg6) 42. Nxd5 $17 Qxd5 43. Nxc4 Qd3 {[%emt 0:00:03] Inhibits Ne3.} 44. Qxd3 (44. Qf1 $142) 44... exd3 {[%emt 0:00:00][%mdl 4096] Endgame KB-KN} 45. f3 $2 {[%emt 0:00:00] Loses the game.} (45. Kf1 $17) 45... Bd7 $19 46. Kf2 Bxb5 47. Nd2 Kg6 48. Ke3 Kf5 49. g4+ $2 (49. Ne4 Ke6 50. Kd2) 49... Ke6 50. Ke4 c5 51. Nb1 c4 52. Nc3 Bc6+ 53. Ke3 Kd6 54. f4 exf4+ 55. Kxf4 g5+ 56. Ke3 Ke5 57. Nb1 Bg2 58. Nd2 c3 59. Nc4+ Kd5 60. Nb6+ Kc6 {[%emt 0:00:06] [#] ( -> ...d2)} 61. Na4 c2 62. Kd2 Bxh3 63. Nb2 Bxg4 64. Nxd3 Kd6 65. Ke3 Bf5 66. Nc1 h5 67. Kf3 h4 68. Nb3 Ke5 69. Nc1 g4+ 70. Ke3 g3 71. Kf3 Be4+ 72. Ke2 h3 73. Ke1 h2 74. Kf1 h1=Q+ 75. Ke2 Qf3+ 76. Kd2 g2 (76... Qd1+ $142 77. Kc3 Qxc1 78. Kb3 Qb1+ 79. Ka3 c1=Q+ 80. Ka4 Bc6+ 81. Ka5 Qb5#) 77. Ne2 Qd3+ 78. Kc1 g1=Q+ (78... Qd6 $142 79. Kb2 Qb4+ 80. Kc1 Qb1+ 81. Kd2 c1=Q+ {[%mdl 64] Promotion} 82. Nxc1 Qc2+ 83. Ke3 g1=Q#) 79. Nxg1 Qe3+ {[%emt 0:00:00] Black mates.} 80. Kb2 c1=Q+ 81. Ka2 Qea3# {[%emt 0:00:00] Weighted Error Value: White=0.72/Black=0.12 (very precise)} 0-1

[Event "CCT Airthings Masters Play-In 2023"]
[Site "Online"]
[Date "2023.02.03"]
[Round "1"]
[White "Sankalp_Gupta"]
[Black "Sam_ChessMood"]
[Result "0-1"]
[ECO "D00"]
[WhiteElo "2457"]
[BlackElo "2590"]
[Annotator "TA"]
[PlyCount "44"]
[EventDate "2023.02.03"]
[EventType "swiss"]
[EventCountry "NET"]
[SourceTitle "playchess.com"]
[Source "ChessBase"]
[SourceQuality "1"]
[TimeControl "600+2"]

1. d4 Nf6 2. Nc3 d5 3. Bf4 c5 4. e4 Nxe4 5. Nxe4 dxe4 6. dxc5 {[%emt 0:00:02] D00: 1 d4 d5: Unusual lines.} Nd7 $5 {[%emt 0:00:01][%mdl 4] Leaves trodden paths.} 7. b4 e5 {[%emt 0:00:55] Prevents Qd4.} 8. Be3 {[%emt 0:00:03] The position is equal.} Be7 {[%emt 0:00:08] [#]} 9. Qd5 $146 ({White should try} 9. Bc4 $11) ({Predecessor:} 9. Bc4 O-O 10. Ne2 Kh8 11. O-O f5 12. Nc3 a5 13. a3 f4 14. Bd2 Nf6 15. Be1 axb4 16. axb4 Rxa1 17. Qxa1 f3 18. g3 Qd7 {0-1 Wall,T (2290)-Willow,J (2395) Newcastle EJCOA 4th 2022 (3)}) 9... O-O $15 10. Bc4 Qc7 11. Qxe4 Nf6 12. Qf3 a5 13. c3 axb4 (13... Bg4 $6 14. Qg3 $11) 14. cxb4 Ra4 $1 (14... Bg4 $6 15. Qg3 $11) 15. a3 Bg4 (15... b6 $1 $17 16. Qd1 (16. cxb6 $2 {perishes.} Bxb4+ {[%mdl 64] Pin, Double Attack} 17. Kf1 Qxc4+ $19) 16... Ra8) 16. Qg3 $11 Rfa8 {[%emt 0:00:02] Threatens to win with ...Rxb4.} 17. Rc1 Rxa3 18. h3 {[%emt 0:00:08] [#]} (18. Nf3 $11 {keeps the balance.}) 18... Bh5 $1 $36 {[%emt 0:00:35][%mdl 2048] White must now prevent ...Ne4. Black has strong initiative.} 19. Nf3 Ne4 ({Much weaker is} 19... Bxf3 $6 20. Qxf3 R8a4 21. O-O $11) 20. Qxe5 {[%emt 0:00:41][%mdl 8192] [#]} (20. Qh2 $15) 20... Rxe3+ $1 $19 21. fxe3 {[%emt 0:00:03] [#]} Bh4+ $1 {[%emt 0:00:04][%mdl 576] Deflection} 22. Kf1 {[%emt 0:00:21] [#]} (22. Nxh4 Qxe5) 22... Nd2+ $1 {[%emt 0:00:03][%mdl 576] Double Attack. A superb game by Sam_ChessMood.   Weighted Error Value: White=0.80/Black=0.08 (flawless)} 0-1

[Event "CCT Airthings Masters Play-In 2023"]
[Site "Online"]
[Date "2023.02.03"]
[Round "1"]
[White "titan013"]
[Black "GMBenjaminBok"]
[Result "*"]
[ECO "B51"]
[WhiteElo "2453"]
[BlackElo "2631"]
[Annotator "NA"]
[PlyCount "28"]
[EventDate "2023.02.03"]
[EventType "swiss"]
[EventCountry "NET"]
[SourceTitle "playchess.com"]
[Source "ChessBase"]
[SourceQuality "1"]
[TimeControl "600+2"]

1. e4 c5 2. Nf3 d6 3. Bb5+ Nd7 4. d4 cxd4 5. Qxd4 a6 6. Bxd7+ Bxd7 7. O-O Nf6 8. c4 g6 9. Nc3 Bg7 10. Bg5 O-O 11. Qd2 b5 12. cxb5 axb5 13. a3 Bc6 14. Rfe1 Qb6 *

[Event "CCT Airthings Masters Play-In 2023"]
[Site "Online"]
[Date "2023.02.03"]
[Round "1"]
[White "Denis_Makhnyov"]
[Black "Arhimow, Mohamed Salem"]
[Result "*"]
[ECO "D72"]
[WhiteElo "2447"]
[BlackElo "1567"]
[Annotator "TA"]
[PlyCount "31"]
[EventDate "2023.02.03"]
[EventType "swiss"]
[EventCountry "NET"]
[SourceTitle "playchess.com"]
[Source "ChessBase"]
[SourceQuality "1"]
[TimeControl "600+2"]

1. d4 {[%emt 0:00:04] Krasenkow,Michal} Nf6 2. c4 g6 3. g3 Bg7 4. Bg2 d5 5. cxd5 Nxd5 6. e4 Nb6 7. Ne2 c5 8. d5 O-O 9. O-O e6 10. Nec3 Na6 {[%emt 0:00:06] 10...exd5 is the hot move.} 11. a4 exd5 12. exd5 {[%emt 0:00:01] The position is equal.} Nc4 {[%emt 0:00:01] D72: Fianchetto Grünfeld: 5 cxd5 Nxd5 6 e4 Nb6 (without Nf3).} 13. Na3 Ne5 14. Be3 Bg4 15. Qb3 {[%emt 0:00:01] [#]} b6 $146 ({Predecessor:} 15... Nf3+ 16. Kh1 Qd7 17. h3 Nd4 18. Bxd4 cxd4 19. hxg4 dxc3 20. bxc3 Rac8 21. Nb5 Nc5 {0-1 So,W (2673)-Li,C (2649) Tata Steel-B 73rd 2011 (9)}) 16. Ne4 {[%emt 0:01:53] Not much happened in this game.   Weighted Error Value: White=0.03 (flawless) /Black=0.02 (flawless)} *

[Event "CCT Airthings Masters Play-In 2023"]
[Site "Online"]
[Date "2023.02.03"]
[Round "1"]
[White "penguingm1"]
[Black "viviania"]
[Result "*"]
[ECO "E39"]
[WhiteElo "2444"]
[BlackElo "2615"]
[Annotator "TA"]
[PlyCount "44"]
[EventDate "2023.02.03"]
[EventType "swiss"]
[EventCountry "NET"]
[SourceTitle "playchess.com"]
[Source "ChessBase"]
[SourceQuality "1"]
[TimeControl "600+2"]

1. d4 Nf6 2. c4 e6 3. Nc3 Bb4 4. Qc2 O-O 5. Nf3 c5 6. dxc5 Na6 7. g3 Nxc5 8. Bg2 Nce4 9. O-O {[%emt 0:00:01] The position is equal.} Bxc3 {[%emt 0:00:01] E39: Nimzo-Indian: Classical: 4...c5 5 dxc5 0-0.} 10. bxc3 Qc7 11. Nd4 d5 12. cxd5 exd5 13. Bf4 Qc5 14. Rfc1 Bd7 15. Qb2 $1 b6 16. Be3 {[%emt 0:00:03] [#] A rather calm draw.   Weighted Error Value: White=0.02 (flawless) /Black=0.02 (flawless)} {Predecessor:} Rfe8 $146 17. Nf3 Qc7 18. Bd4 Rac8 19. a4 h5 20. Qa2 Be6 21. Qb1 Bd7 22. e3 Ng4 {½-½ Oen,G (2226)-Mondino,V (2237) WZ-ch M/19/07 email 2019} *

[Event "CCT Airthings Masters Play-In 2023"]
[Site "Online"]
[Date "2023.02.03"]
[Round "1"]
[White "Iskusnyh, Sergei"]
[Black "AlexanderL"]
[Result "*"]
[ECO "A40"]
[WhiteElo "2443"]
[BlackElo "2602"]
[Annotator "TA"]
[PlyCount "38"]
[EventDate "2023.02.03"]
[EventType "swiss"]
[EventCountry "NET"]
[SourceTitle "playchess.com"]
[Source "ChessBase"]
[SourceQuality "1"]
[TimeControl "600+2"]

1. d4 e6 2. c4 b6 3. Nf3 Bb7 4. g3 Bb4+ 5. Bd2 Bxf3 6. exf3 Bxd2+ 7. Qxd2 ({Don't play} 7. Kxd2 Nc6 8. d5 Nd4 $15) 7... Nf6 {[%emt 0:00:06] A40: Unusual replies to 1 d4.} 8. Nc3 O-O 9. Bg2 d5 {[%emt 0:00:04] The position is equal.} 10. cxd5 Nxd5 11. f4 c6 12. O-O Ne7 13. b4 {[%emt 0:00:50] [#]} Nd7 $146 ({Predecessor:} 13... a6 14. Rfd1 Ra7 15. Ne2 a5 16. bxa5 Rxa5 17. a4 Qc7 18. Qb2 Nd7 19. Ra3 Rfa8 {0-1 Belunek,V (2376)-Kubala,M (2353) Pobeskydy Sme 14th 2003 (5)}) 14. b5 Rc8 15. bxc6 Nxc6 16. d5 Nf6 17. Rfd1 Na5 (17... Ne7 $11) 18. Rac1 $16 exd5 19. Nxd5 Nxd5 {[%emt 0:00:05] Weighted Error Value: White=0.07 (flawless) /Black=0.19 (very precise)} *

[Event "CCT Airthings Masters Play-In 2023"]
[Site "Online"]
[Date "2023.02.03"]
[Round "1"]
[White "Anonymous"]
[Black "NikoTheodorou"]
[Result "*"]
[ECO "B33"]
[WhiteElo "2437"]
[BlackElo "2612"]
[Annotator "TA"]
[PlyCount "42"]
[EventDate "2023.02.03"]
[EventType "swiss"]
[EventCountry "NET"]
[SourceTitle "playchess.com"]
[Source "ChessBase"]
[SourceQuality "1"]
[TimeControl "600+2"]

1. e4 c5 2. Nf3 Nc6 3. d4 cxd4 4. Nxd4 Nf6 5. Nc3 e5 6. Ndb5 d6 7. Nd5 Nxd5 8. exd5 Nb8 9. b4 {[%emt 0:00:05] B33: Sicilian: Pelikan and Sveshnikov Variations.} Be7 10. a4 O-O 11. a5 {[%emt 0:00:02] [#] The position is equal.} f5 $146 ({Predecessor:} 11... Nd7 12. Be2 f5 13. O-O a6 14. Na3 e4 15. Nc4 Ne5 16. Nb6 Rb8 17. f4 exf3 18. Bxf3 {1-0 Arjun,K (2505)-Lim,Z (2305) Sitges Sunway op 9th 2022 (3)}) 12. Be3 (12. Be2 $142) 12... Na6 13. Bxa7 Nxb4 14. c3 Na6 15. Bb6 (15. Be2 $15) 15... Qe8 $17 16. Be2 Qg6 (16... f4 $17) 17. O-O $15 f4 {[%emt 0:00:00] [#] aiming for ...Bh3.} 18. Kh1 (18. Bd3 $5 Bf5 19. Bxf5 Rxf5 20. f3 $11) 18... Bf5 19. f3 Qh5 ({Black should try} 19... Bh4 $15) 20. Bd3 $11 Bd7 21. c4 {[%emt 0:00:18] [#]} (21. Rf2 $11 {keeps the balance.}) 21... Rf6 $1 {[%emt 0:00:02] Weighted Error Value: White=0.34/Black=0.15 (very precise)} *